 Dungeon Crawl Stone Soup version 0.22-a0-456-g11ed031 (webtiles) character file.

119 gmonis the Cudgeler (level 5, -2/46 HPs)
             Began as a Hill Orc Berserker on June 7, 2018.
             Was a Believer of Trog.
             Slain by Terence
             ... wielding a +0 hand axe
              (3 damage)
             ... on level 2 of the Dungeon.
             The game lasted 00:04:17 (2328 turns).

gmonis the Cudgeler (Hill Orc Berserker)            Turns: 2328, Time: 00:04:18

Health: -2/46      AC:  5    Str: 21    XL:     5   Next: 3%
Magic:  5/5        EV: 10    Int:  7    God:    Trog [**....]
Gold:   76         SH:  3    Dex: 10    Spells: 4/4 levels left

rFire    . . .     SeeInvis .   a - +0 mace
rCold    . . .     Gourm    .   o - +0 buckler
rNeg     . . .     Faith    .   g - +0 ring mail
rPois    .         Spirit   .   (no helmet)
rElec    .         Reflect  .   (no cloak)
rCorr    .         Harm     .   (no gloves)
MR       .....                  (no boots)
Stlth    ..........             (no amulet)
HPRegen  0.15/turn              (no ring)
MPRegen  0.09/turn              (no ring)

@: drained
A: no striking features
a: Berserk, Trog's Hand, Renounce Religion


You were on level 2 of the Dungeon.
You worshipped Trog.
Trog was pleased with you.
You were hungry.

You visited 1 branch of the dungeon, and saw 2 of its levels.

You collected 76 gold pieces.

Inventory:

Hand Weapons
 a - a +0 mace (weapon)
Missiles
 k - 83 stones (quivered)
Armour
 b - a +0 animal skin
 g - a +0 ring mail (worn)
 o - a +0 buckler (worn)
Jewellery
 d - a +3 ring of evasion {unknown}
Scrolls
 e - a scroll of noise {unknown}
 h - 4 scrolls of teleportation {unknown}
 j - 2 scrolls of identify {unknown}
 m - a scroll of fog {unknown}
 n - a scroll of enchant armour {unknown}
Potions
 f - a potion of heal wounds
 i - a potion of curing {unknown}
 l - a potion of flight {unknown}
 q - a potion of brilliance {unknown}
Comestibles
 c - 3 rations
 p - a chunk of flesh


   Skills:
 - Level 3.9(3.8) Fighting
 + Level 5.9(5.8) Maces & Flails
 - Level 2.2 Armour
 - Level 1.6(1.5) Dodging


You had 4 spell levels left.
You didn't know any spells.
Your spell library was empty.

Dungeon Overview and Level Annotations

Branches:
Dungeon (2/15)

Altars:

Annotations:
D:2 Terence


Message History

You miss something. Something hits you but does no damage.
You miss something. Something hits you but does no damage.
You closely miss something. Something hits you.
You barely miss something. Something hits you.
You miss something.
You are feeling hungry.
Something hits you.
You barely miss something. Something hits you.
* * * LOW HITPOINT WARNING * * *
You miss something. Something hits you.
* * * LOW HITPOINT WARNING * * *
You sock something! Something hits you but does no damage.
You closely miss something. Something hits you but does no damage.
Your shield and ring mail prevent you from hitting something.
Something hits you.
* * * LOW HITPOINT WARNING * * *
You miss something. Something hits you.
* * * LOW HITPOINT WARNING * * *
You closely miss something. Something hits you.
You die...

................#
######....>.....#
......#.......#
####.[#.......#
#.......#..#
#....##.#..########
#....##.#..........
#.#.###.##.########
#.....@....#
###.#{######
##.#÷########
#...........#
.###..#.######.#
......#.# .#
......#.#### .#
...........# .#
.###.##†##.# @#


There were no monsters in sight!

Vanquished Creatures
  5 adders (D:2)
  An ooze (D:1)
  2 worms (D:2)
  5 leopard geckos
  2 giant cockroaches (D:1)
  2 goblins (D:1)
  8 hobgoblins
  11 jackals
  6 bats
  3 frilled lizards
  4 kobolds
  10 rats
59 creatures vanquished.

Notes
Turn   | Place    | Note
-------+----------+-------------------------------------------
     0 | D:1      | gmonis the Hill Orc Berserker began the quest for the Orb.
     0 | D:1      | Reached XP level 1. HP: 19/19 MP: 1/1
    52 | D:1      | Reached XP level 2. HP: 26/27 MP: 2/2
   115 | D:1      | Reached skill level 4 in Maces & Flails
   243 | D:1      | Reached XP level 3. HP: 29/33 MP: 3/3
   367 | D:1      | Reached ** piety under Trog
  1668 | D:2      | Reached skill level 5 in Maces & Flails
  1677 | D:2      | Reached XP level 4. HP: 32/40 MP: 4/4
  2280 | D:2      | Reached XP level 5. HP: 7/46 MP: 5/5
  2282 | D:2      | HP: 1/46 [poisoned by an adder]
  2292 | D:2      | Noticed Terence
  2326 | D:2      | HP: 2/46 [something (4)]
  2328 | D:2      | Slain by Terence

Vault maps used:
D:1:      minmay_arrival_wavy_path
D:2:      uniq_terence

Skill      XL: |  1  2  3 |
---------------+----------+-----
Maces & Flails | 4 5 |  5.9
Fighting       | |  3.9
Armour         | |  2.2
Dodging        | |  1.6

Action                   |  1- 3 |  4- 6 || total
-------------------------+-------+-------++-------
Melee: Mace              |   131 |    92 ||   223
Invok: Berserk           |       |     2 ||     2
  Use: Potion            |       |     2 ||     2
  Eat: Chunk             |     3 |     3 ||     6
Armor: Animal skin       |    11 |       ||    11
       Ring mail         |    32 |    43 ||    75
Dodge: Dodged            |   109 |    51 ||   160
Block: Buckler           |       |    14 ||    14

Table legend:
 A = Spawn XP
 B = Non-spawn XP
 C = Spawn XP percentage of total XP
 D = Spawn monster count
 E = Non-spawn monster count
 F = Spawn count percentage of total count
 G = Total turns spent on level
                    A         B        C        D         E        F      G
               +---------+---------+-------+---------+---------+-------+---------
         Total |       0 |     171 |   0.0 |       0 |      59 |   0.0 |  2328
               +---------+---------+-------+---------+---------+-------+---------
           D:1 |       0 |      70 |   0.0 |       0 |      38 |   0.0 |  1585
           D:2 |       0 |     101 |   0.0 |       0 |      21 |   0.0 |   743
               +---------+---------+-------+---------+---------+-------+---------
